 Dungeon Crawl Stone Soup version 0.22-a0-179-gb5258fd (webtiles) character file.

113 b5mith the Skirmisher (level 5, -2/41 HPs)
             Began as a Human Berserker on Feb 13, 2018.
             Was a Believer of Trog.
             Slain by a gnoll
             ... wielding a +0 spear
              (4 damage)
             ... on level 3 of the Dungeon.
             The game lasted 00:04:47 (1312 turns).

b5mith the Skirmisher (Human Berserker)             Turns: 1312, Time: 00:04:48

Health: -2/41      AC:  6    Str: 18    XL:     5   Next: 17%
Magic:  5/5        EV: 12    Int:  7    God:    Trog [**....]
Gold:   142        SH:  0    Dex: 13    Spells: 4/4 levels left

rFire    . . .     SeeInvis .   a - +0 spear
rCold    . . .     Gourm    .   (no shield)
rNeg     . . .     Faith    .   d - +0 ring mail
rPois    +         Spirit   .   (no helmet)
rElec    .         Reflect  .   o - +0 cloak
rCorr    .         Harm     .   (no gloves)
MR       .....                  (no boots)
Stlth    +.........             (no amulet)
HPRegen  0.13/turn              k - ring of poison resistance
MPRegen  0.09/turn              (no ring)

@: berserk cooldown, slowed, very slow
A: no striking features
a: Berserk, Trog's Hand, Burn Spellbooks, Renounce Religion


You were on level 3 of the Dungeon.
You worshipped Trog.
Trog was pleased with you.
You were very hungry.

You visited 1 branch of the dungeon, and saw 3 of its levels.

You collected 142 gold pieces.

Inventory:

Hand Weapons
 a - a +0 spear (weapon)
 r - a +0 hand axe of electrocution
Missiles
 g - 8 tomahawks (quivered)
 l - 85 stones
Armour
 b - a +0 animal skin
 d - a +0 ring mail (worn)
 o - a +0 cloak (worn)
Jewellery
 k - a ring of poison resistance (left hand)
Scrolls
 e - a scroll of amnesia {unknown}
 f - 2 scrolls of magic mapping {unknown}
 i - 2 scrolls of teleportation
 j - 2 scrolls of identify {unknown}
 s - a scroll of blinking {unknown}
Potions
 h - a potion of haste {unknown}
 m - 2 potions of curing {@q1}
 p - a potion of cancellation {unknown}
 q - a potion of mutation {unknown}
Comestibles
 c - 3 rations


   Skills:
 + Level 3.6 Fighting
 + Level 3.5 Polearms
 + Level 2.7 Armour
 * Level 3.4 Dodging


You had 4 spell levels left.
You didn't know any spells.

Dungeon Overview and Level Annotations

Branches:
Dungeon (3/15)

Altars:
Elyvilon
Gozag

Annotations:
D:3 Grinder


Message History

You puncture the gnoll!
The gnoll is almost dead.
The gnoll barely misses you.
You barely miss the gnoll.
The gnoll is almost dead.
The gnoll hits you from afar with a spear.
* * * LOW HITPOINT WARNING * * *
You puncture the gnoll!
You kill the gnoll!
Trog accepts your kill.
You are no longer berserk.
You are exhausted.
You feel yourself slow down. The gnoll hits you with a spear.
* * * LOW HITPOINT WARNING * * *
Things that are here:
a club; a gnoll corpse You puncture the gnoll!
The gnoll is heavily wounded.
The gnoll hits you with a spear.
You die...

....... ## ...... .#
...... #.# ...... ##.$#
.....# #..# .)...# #.#
.....## ######@##
?...<.#####...?g).#
....g.g.†††.............
......#####.............
....... #..........?..
....##.# #.............
...# .# #.............
..# .. ....#..........
.. ...#####..........


You could see a gnoll.

Vanquished Creatures
  3 gnolls (D:3)
  An adder (D:2)
  A worm (D:3)
  3 dart slugs
  2 leopard geckos
  An orc (D:3)
  4 giant cockroaches
  7 goblins
  5 hobgoblins
  7 jackals
  7 kobolds
  A quokka (D:3)
  4 bats
  6 frilled lizards
  9 rats
61 creatures vanquished.

Notes
Turn   | Place    | Note
-------+----------+-------------------------------------------
     0 | D:1      | b5mith the Human Berserker began the quest for the Orb.
     0 | D:1      | Reached XP level 1. HP: 18/18 MP: 1/1
    74 | D:1      | Reached XP level 2. HP: 23/24 MP: 2/2
   217 | D:1      | Reached XP level 3. HP: 17/29 MP: 3/3
   495 | D:1      | Reached ** piety under Trog
   751 | D:2      | Found a white marble altar of Elyvilon.
   785 | D:2      | Reached XP level 4. HP: 32/35 MP: 4/4
   872 | D:2      | Found an opulent altar of Gozag.
  1243 | D:3      | Noticed Grinder
  1304 | D:3      | Reached XP level 5. HP: 11/41 MP: 5/5
  1311 | D:3      | HP: 2/41 [gnoll/spear (4)]
  1312 | D:3      | Slain by a gnoll

Vault maps used:
D:1:      mushboom_english_gardens, grunt_decor_cap
D:2:      nicolae_overflow_crystal_walls,
          nicolae_gozag_cash_rules_everything_around_me, first_ration
D:3:      minmay_shallow_snake_nest, uniq_grinder

Skill      XL: |  1  2  3  4 |
---------------+-------------+-----
Dodging        | 3 |  3.4
Fighting       | |  3.6
Polearms       | |  3.5
Armour         | |  2.7

Action                   |  1- 3 |  4- 6 || total
-------------------------+-------+-------++-------
Melee: Spear             |   138 |   110 ||   248
Invok: Berserk           |       |     1 ||     1
  Use: Scroll            |     1 |       ||     1
       Potion            |       |     1 ||     1
  Eat: Chunk             |       |     1 ||     1
Armor: Ring mail         |    28 |    37 ||    65
Dodge: Dodged            |    65 |    85 ||   150

Table legend:
 A = Spawn XP
 B = Non-spawn XP
 C = Spawn XP percentage of total XP
 D = Spawn monster count
 E = Non-spawn monster count
 F = Spawn count percentage of total count
 G = Total turns spent on level
                    A         B        C        D         E        F      G
               +---------+---------+-------+---------+---------+-------+---------
         Total |       0 |     162 |   0.0 |       0 |      61 |   0.0 |  1312
               +---------+---------+-------+---------+---------+-------+---------
           D:1 |       0 |      60 |   0.0 |       0 |      35 |   0.0 |   723
           D:2 |       0 |      35 |   0.0 |       0 |      12 |   0.0 |   496
           D:3 |       0 |      67 |   0.0 |       0 |      14 |   0.0 |    93
               +---------+---------+-------+---------+---------+-------+---------
